 Dungeon Crawl Stone Soup version 0.30-a0-371-gad7725a93e (webtiles) character file.

Game seed: 8973682682220003034

171133 Bnni the Impaler (level 18, -4/156 HPs)
             Began as a Formicid Fighter on Nov 21, 2022.
             Was an Initiate of Yredelemnul.
             Slain by a naga warrior
             ... wielding a +0 battleaxe
              (16 damage)
             ... on level 2 of the Snake Pit.
             The game lasted 01:16:31 (29730 turns).

Bnni the Impaler (Formicid Fighter)                Turns: 29730, Time: 01:16:32

Health: -4/156     AC: 23    Str: 25    XL:     18   Next: 64%
Magic:  31/31      EV:  3    Int: 16    God:    Yredelemnul [......]
Gold:   1950       SH: 21    Dex: 17    Spells: 17/17 levels left

rFire   + . .      SeeInvis +    U - +2 glaive (flame)
rCold   + . .      Faith    .    x - +4 kite shield "Wad Rolaw" {rC+ Dex+4}
rNeg    + . .      Spirit   .    M - +3 plate armour {rC+}
rPois   +          Reflect  +    (helmet unavailable)
rElec   +          Harm     .    B - +0 cloak
rCorr   +          Rampage  .    j - +2 pair of gloves
Will    +....                    y - +0 pair of boots
Stlth   ..........               e - amulet "Plog" {Reflect rElec rPois Int-2 SH+5}
HPRegen 0.46/turn                Q - ring of protection from fire
MPRegen 0.22/turn                i - ring "Nuelokky" {rC- rN+ rCorr Int+6 Slay+2}

@: lethally poisoned (-4 -> -8), constricted, studying 2 skills
A: permanent stasis, dig shafts and tunnels, antennae 3, four strong arms
a: Dig, Shaft Self, Renounce Religion, Recall Undead Harvest


You were on level 2 of the Snake Pit.
You worshipped Yredelemnul.
Yredelemnul was most pleased with you.
You visited 7 branches of the dungeon, and saw 29 of its levels.
You also visited: Sewer and Bailey.

You collected 2247 gold pieces.
You spent 297 gold pieces at shops.

Inventory:

Hand Weapons
 a - a +3 vorpal glaive
 U - a +2 glaive of flaming (weapon)
Missiles
 v - 21 boomerangs (quivered)
 E - 2 throwing nets
 R - a boomerang of dispersal
Armour
 j - a +2 pair of gloves (worn)
 x - the +4 kite shield "Wad Rolaw" (worn) {rC+ Dex+4}
   (You acquired it on level 3 of the Dungeon)

   Dex:       It affects your dexterity (+4).
   rC:        It protects you from cold.
 y - a +0 pair of boots (worn)
 B - a +0 cloak (worn)
 M - a +3 plate armour of cold resistance (worn)
Jewellery
 e - the amulet "Plog" (around neck) {Reflect rElec rPois Int-2 SH+5}
   (You acquired it on level 9 of the Dungeon)

   [amulet of reflection]

   It reflects blocked missile attacks.
   Int:       It affects your intelligence (-2).
   rElec:     It insulates you from electricity.
   rPois:     It protects you from poison.
   SH:        It affects your SH (+5).
 i - the ring "Nuelokky" (right hand) {rC- rN+ rCorr Int+6 Slay+2}
   (You found it on level 13 of the Dungeon)

   [ring of intelligence]

   Int:       It affects your intelligence (+6).
   Slay:      It affects your accuracy & damage with ranged weapons and melee
   (+2).
   rC:        It makes you vulnerable to cold.
   rN:        It protects you from negative energy.
   rCorr:     It protects you from acid and corrosion.
 t - a ring of fire
 z - an amulet of faith
 K - a ring of protection from cold
 Q - a ring of protection from fire (left hand)
 V - a ring of positive energy
Wands
 w - a wand of digging (10)
 D - a wand of flame (58)
 G - a wand of roots (15)
 L - a wand of light (2)
 O - a wand of mindburst (15)
 S - a wand of polymorph (4)
 Y - a wand of paralysis (11)
Scrolls
 c - 2 scrolls of magic mapping
 d - 2 scrolls of poison
 l - 4 scrolls of enchant weapon
 o - 3 scrolls of brand weapon
 r - 10 scrolls of fog
 s - 5 scrolls of immolation
 A - 2 scrolls of amnesia
 W - 2 scrolls of vulnerability
 X - 3 scrolls of enchant armour
Potions
 b - 4 potions of lignification
 g - a potion of cancellation
 h - 2 potions of invisibility
 n - a potion of magic
 p - 8 potions of curing
 u - 10 potions of mutation
 C - 2 potions of resistance
 H - a potion of heal wounds
 I - 2 potions of attraction
 N - a potion of brilliance
 T - a potion of flight
Miscellaneous
 f - a box of beasts
 m - a phial of floods


   Skills:
 + Level 17.6 Fighting
 - Level 20.5 Polearms
 + Level 8.8 Armour
 - Level 10.0 Shields
 * Level 19.0 Invocations


You had 17 spell levels left.
You didn't know any spells.
Your spell library contained the following spells:

 Spells                   Type           Power      Damage    Failure   Level
 Kiss of Death            Conj/Necr      0%         2d5       99%         1
 Magic Dart               Conj           0%         1d3       99%         1
 Shock                    Conj/Air       0%         1d3       99%         1
 Momentum Strike          Conj/Tloc      0%         3d8       100%        2
 Scorch                   Fire           0%         2d5       100%        2
 Confusing Touch          Hex            0%         N/A       100%        3
 Inner Flame              Hex/Fire       0%         N/A       100%        3
 Lesser Beckoning         Tloc           0%         N/A       100%        3
 Portal Projectile        Hex/Tloc       0%         N/A       100%        3
 Summon Guardian Golem    Hex/Summ       0%         N/A       100%        3
 Tukima's Dance           Hex            0%         N/A       100%        3
 Vhi's Electric Charge    Tloc/Air       0%         N/A       100%        3
 Cause Fear               Hex            0%         N/A       100%        4
 Dispel Undead            Necr           0%         3d6       100%        4
 Flame Wave               Conj/Fire      0%         2d4       100%        4
 Fulminant Prism          Conj/Hex       0%         3d5       100%        4
 Leda's Liquefaction      Hex/Erth       0%         N/A       100%        4
 Manifold Assault         Tloc           0%         N/A       100%        4
 Arcjolt                  Conj/Air       0%         1d10      100%        5
 Blade Hands              Tmut           0%         N/A       100%        5
 Lee's Rapid Deconstruct  Erth           0%         3d4*      100%        5
 Summon Forest            Summ/Tloc      0%         N/A       100%        5
 Summon Mana Viper        Hex/Summ       0%         N/A       100%        5
 Yara's Violent Unravell  Hex/Tmut       0%         3d3       100%        5
 Statue Form              Tmut/Erth      0%         N/A       100%        6
 Summon Cactus Giant      Summ           0%         N/A       100%        6
 Enfeeble                 Hex            0%         N/A       100%        7
 Orb of Destruction       Conj           0%         9d5       100%        7
 Spellforged Servitor     Conj/Summ      0%         N/A       100%        7
 Storm Form               Tmut/Air       0%         N/A       100%        7
 Discord                  Hex            0%         N/A       100%        8
 Maxwell's Capacitive Co  Air            0%         ∞         100%        8
 Fire Storm               Conj/Fire      0%         5d1       100%        9
 Blink                    Tloc           Unusable   N/A       N/A         2

Dungeon Overview and Level Annotations

Branches:
Dungeon (15/15)            Temple (1/1) D:6            Lair (5/5) D:10
  Swamp (0/4) Lair:3        Snake (2/4) Lair:3        Slime (0/5) Lair:5
    Orc (2/2) D:12            Elf (3/3) Orc:2        Vaults (0/5) D:13
 Depths (1/4) D:15          Sewer (visited)          Bailey (visited)

Altars:
Ashenzari
Dithmenos
Elyvilon
Fedhas
Gozag
Hepliaklqana
Kikubaaqudgha
Makhleb
Nemelex Xobeh
Qazlal
Ru
Sif Muna
Trog
Uskayaw
Vehumet
Wu Jian
Xom
Yredelemnul

Shops:
D:7 (   Orc:2 =:?[   Elf:2 !:


Innate Abilities, Weirdness & Mutations

You cannot be hasted, slowed, berserked, paralysed or teleported.
You can dig through walls and to a lower floor.
You have a pair of large antennae on your head. (SInv)
Your four strong arms can wield two-handed weapons with a shield.


Message History

The splash of poison hits you but does no damage.
You resist. You block the naga warrior's attack.
The naga warrior hits you with a +0 scimitar!
* * * LOW HITPOINT WARNING * * *
The naga warrior constricts you.
Your Invocations skill increases to level 19!
Okay, then.
You slash the naga! You burn the naga.
The naga is severely wounded.
You feel sick.
You are no longer poisoned.
The naga warrior hits you but does no damage.
You block the naga's attack.
Unknown command.
You closely miss the naga.
The naga is severely wounded.
The naga warrior spits poison at you.
The splash of poison hits you but does no damage.
You resist. The naga warrior constricts you.
Unknown command.
You closely miss the naga.
The naga is severely wounded.
The naga no longer looks unusually strong.
The naga warrior hits you with a +0 battleaxe!!
* * * LOW HITPOINT WARNING * * *
The naga hits you but does no damage. The naga warrior spits poison at you.
The splash of poison hits you.
You are poisoned.
You resist.
* * * LOW HITPOINT WARNING * * *
The naga warrior constricts you.
* * * LOW HITPOINT WARNING * * *
As you read the scroll of fear, it crumbles to dust.
You assume a fearsome visage.
The naga warrior resists with almost no effort.
The naga warrior easily resists.
The naga looks frightened!
You feel sick.
The naga warrior hits you with a +0 battleaxe!
You die...
Your body rises from the dead as a mindless zombie.

##################
.######NN...............
.......@N...............
..#################.....
#######...... {
.............
##....<..... #####......
#...... ##..... #.....


You could see 2 naga warriors and a naga (fleeing).

Vanquished Creatures
  3 liches (D:13)
  Roxanne (Snake:1)
  A fire giant (D:15)
  A deep elf elementalist (Elf:2)
  The ghost of Lowk the Thaumaturge, a journeyman DjFE of Makhleb (D:13)
  A very ugly thing (D:15)
  A deep elf annihilator (Elf:1)
  Josephine (Lair:5)
  Harold (D:9)
  A deep elf high priest (Elf:2)
  A rakshasa (D:15)
  An ice dragon (Depths:1)
  4 hydras
  Erolcha (D:9)
  2 ogre magi (Orc:2)
  7 vault guards (D:13)
  2 anacondas (Snake:1)
  4 centaur warriors
  7 two-headed ogres
  17 dancing weapons
  5 boulder beetles
  2 shock serpents (Snake:1)
  A tengu warrior (D:13)
  2 iron trolls (D:15)
  8 deep elf knights
  3 skeletal warriors (D:13)
  A deep troll (Orc:2)
  2 naga ritualists (Snake:1)
  A glowing orange brain (D:15)
  2 deep elf archers
  2 bog bodies (Lair:3)
  12 deep elf zephyrmancers
  4 orc sorcerers
  A wizard (Depths:1)
  18 deep elf pyromancers
  4 cyclopes
  An orc knight (Orc:1)
  14 ugly things
  A salamander (shapeshifter) (Elf:2)
  A manticore (D:11)
  3 salamanders (Snake:1)
  2 guardian serpents
  2 naga magi (Snake:1)
  9 elephants
  2 molten gargoyles (Lair:5)
  8 cane toads
  3 gargoyles
  15 black mambas
  A rime drake (Lair:5)
  2 unseen horrors
  A kobold demonologist (D:12)
  A yaktaur (shapeshifter) (D:11)
  10 komodo dragons
  6 trolls
  2 meliai (D:15)
  4 polar bears
  25 blink frogs
  4 dream sheep (Lair:5)
  6 slime creatures
  4 wyverns
  2 shadows
  A vampire (Bailey)
  21 yaks
  4 water elementals
  15 hogs
  A human (shapeshifter) (D:15)
  4 wraiths
  A hog (shapeshifter) (Elf:1)
  Eustachio (D:4)
  9 vampire mosquitoes
  5 basilisks
  2 steam dragons
  A warg (Orc:1)
  3 nagas
  2 acid dragons
  Pargi (Sewer)
  Duvessa (D:5)
  2 hell hounds (Lair:5)
  12 water moccasins
  An ice beast (D:6)
  A black bear (D:6)
  A sky beast (D:7)
  10 orc warriors
  12 ogres
  4 wolves (Lair:3)
  7 centaurs
  A phantom (D:5)
  Blork the orc (D:5)
  3 kobold brigands
  4 bullfrogs
  6 scorpions
  Dowan (D:5)
  2 wights (D:8)
  7 vampire bats (Bailey)
  3 electric eels
  5 wolf zombies (Bailey)
  5 howler monkeys
  4 lava snakes (Lair:5)
  2 hounds
  3 quasits (D:4)
  7 orc priests
  2 gnoll boudas
  2 jellies
  15 orc wizards
  Natasha (thrice) (D:4)
  2 iguanas
  7 gnolls
  4 adders
  A shadow imp (D:5)
  3 worms
  2 dart slugs (D:3)
  42 orcs
  3 endoplasms
  2 giant cockroaches (D:1)
  11 goblins
  3 hobgoblins
  7 quokkas
  6 ball pythons
  14 bats
  A frilled lizard (D:1)
  12 kobolds
  21 orc zombies (Bailey)
  6 rats
600 creatures vanquished.

Vanquished Creatures (collateral kills)
  Saint Roka (Orc:2)
  The ghost of Dain Ceu the Black Crusader, an adept DsGl of Yredelemnul (Snake:1)
  The ghost of Zero the Scorcher, a journeyman DECj of Hepliaklqana (D:13)
  An entropy weaver (shapeshifter) (D:15)
  A vault guard (D:13)
  7 two-headed ogres
  A centaur warrior (D:15)
  6 dancing weapons (Elf:2)
  2 boulder beetles
  3 death yaks (Lair:5)
  2 tengu warriors
  A shock serpent (Snake:1)
  2 deep elf knights (Elf:2)
  A fire crab (Lair:5)
  A deep troll (Orc:2)
  A lindwurm (Lair:5)
  A deep elf pyromancer (Elf:2)
  3 deep elf zephyrmancers (Elf:2)
  3 mana vipers (Snake:1)
  2 salamanders (Snake:1)
  A manticore (D:14)
  An orc sorcerer (Orc:2)
  3 cyclopes
  2 orc knights
  7 ugly things
  6 elephants
  2 black mambas (Lair:5)
  A naga mage (Snake:1)
  A cane toad (Lair:5)
  A yaktaur (D:15)
  8 komodo dragons
  A kobold demonologist (D:11)
  4 trolls (Orc:2)
  A tengu conjurer (D:15)
  2 meliai
  A polar bear (Lair:5)
  16 blink frogs
  2 slime creatures (D:12)
  3 dream sheep (Lair:5)
  2 wraiths (Lair:5)
  24 yaks
  5 basilisks
  6 hogs
  2 vampire mosquitoes
  2 wargs (Orc:2)
  A naga (Snake:1)
  3 water moccasins
  2 hell hounds (Lair:5)
  8 orc warriors
  2 black bears
  12 ogres (Orc:2)
  4 centaurs
  5 bullfrogs
  A wight (D:8)
  3 electric eels
  2 howler monkeys
  3 lava snakes (Lair:5)
  A hound (D:6)
  A jelly (D:6)
  7 orc priests
  8 orc wizards
  A gnoll (D:7)
  3 shadow imps
  20 orcs
  5 kobolds
237 creatures vanquished.

Vanquished Creatures (others)
  A spectral human (Lair:5)
  A jiangshi (Depths:1)
  A spectral fire dragon (Orc:2)
  A deep elf pyromancer (Elf:2)
  3 ugly thing zombies
  2 unseen horror zombies
  A mana viper zombie (Snake:1)
  A hydra zombie (Lair:5)
  2 human zombies (D:13)
  A meliai zombie (D:11)
  Sigmund (D:3)
  6 black mamba zombies
  A slime creature zombie (D:12)
  2 two-headed ogre zombies
  2 cane toad zombies (Lair:5)
  A water moccasin (D:6)
  A black bear (D:6)
  5 elephant zombies
  6 elf zombies
  4 blink frog zombies
  2 vampire mosquito zombies
  2 hog zombies
  A naga zombie (Snake:1)
  3 komodo dragon zombies
  2 wyvern zombies
  A hell hound zombie (Lair:5)
  3 water moccasin zombies
  2 cyclops zombies
  A warg zombie (Orc:2)
  A tengu zombie (D:15)
  6 yak zombies
  A wolf zombie (Lair:3)
  3 centaur zombies
  A basilisk zombie (Lair:2)
  A black bear zombie (D:10)
  3 bullfrog zombies
  A scorpion zombie (D:7)
  An orc wizard (Orc:2)
  2 ogre zombies
  A hound zombie (D:7)
  A spectral electric eel (D:11)
  3 howler monkey zombies
  A steam dragon zombie (D:9)
  A lava snake zombie (Lair:5)
  38 orc zombies
  An orc (D:8)
  2 gnoll zombies (D:7)
  A hobgoblin zombie (D:7)
  4 kobold zombies
  A fire vortex (Lair:5)
  56 fungi
  177 plants
367 creatures vanquished.

Grand Total: 1204 creatures vanquished

Notes
Turn   | Place    | Note
-------+----------+-------------------------------------------
     0 | D:1      | Bnni the Formicid Fighter began the quest for the Orb.
     0 | D:1      | Reached XP level 1. HP: 18/18 MP: 1/1
   178 | D:1      | Reached XP level 2. HP: 19/24 MP: 2/2
   693 | D:1      | Reached XP level 3. HP: 29/29 MP: 3/3
  1028 | D:2      | Reached skill level 3 in Polearms
  1053 | D:2      | Found a faded altar of an unknown god.
  1400 | D:3      | Reached XP level 4. HP: 34/37 MP: 4/4
  1498 | D:3      | Noticed Sigmund
  1515 | D:3      | Killed Sigmund
  1516 | D:3      | Reached skill level 4 in Polearms
  1516 | D:3      | Reached skill level 5 in Shields
  1516 | D:3      | Reached XP level 5. HP: 35/43 MP: 5/5
  1516 | D:3      | Reached XP level 6. HP: 40/49 MP: 6/6
  1623 | D:3      | Found a glowing drain.
  1641 | Sewer    | Entered a sewer
  1673 | Sewer    | Noticed Pargi
  1731 | Sewer    | Killed Pargi
  1732 | Sewer    | Reached skill level 5 in Fighting
  1732 | Sewer    | Reached skill level 5 in Polearms
  1822 | D:3      | Identified 2 scrolls of acquirement
  1822 | D:3      | Acquired the +4 kite shield "Wad Rolaw" {rC+ Dex+4}
  2351 | D:4      | Reached XP level 7. HP: 40/56 MP: 7/7
  2619 | D:4      | Noticed Eustachio
  2646 | D:4      | Killed Eustachio
  2647 | D:4      | Reached skill level 6 in Polearms
  2691 | D:4      | Noticed Natasha
  2698 | D:4      | Killed Natasha
  2764 | D:4      | Reached XP level 8. HP: 49/64 MP: 8/8
  2775 | D:4      | Noticed Natasha
  2800 | D:4      | Killed Natasha
  3310 | D:4      | Noticed Natasha
  3316 | D:4      | Killed Natasha
  3365 | D:5      | Entered Level 5 of the Dungeon
  3371 | D:5      | Reached skill level 7 in Polearms
  3658 | D:5      | Noticed Blork the orc
  3670 | D:5      | Killed Blork the orc
  3774 | D:5      | Identified the +0 robe of Refuge {rF+ Int+6}
  3911 | D:5      | Noticed Duvessa
  3911 | D:5      | Noticed Dowan
  3919 | D:5      | Killed Duvessa
  3935 | D:5      | Killed Dowan
  4217 | D:5      | Found a shimmering blue altar of Sif Muna.
  4326 | D:6      | Reached skill level 8 in Polearms
  4326 | D:6      | Reached XP level 9. HP: 64/71 MP: 9/9
  4523 | D:6      | Found a staircase to the Ecumenical Temple.
  4532 | Temple   | Entered the Ecumenical Temple
  4605 | Temple   | Became a worshipper of Yredelemnul the Dark
  4677 | D:6      | Reached * piety under Yredelemnul
  4745 | D:6      | Reached ** piety under Yredelemnul
  4774 | D:6      | Found a shadowy altar of Dithmenos.
  4797 | D:6      | Reached skill level 1 in Invocations
  5504 | D:7      | Reached skill level 9 in Polearms
  5837 | D:7      | Found a hazy altar of Hepliaklqana.
  6031 | D:7      | Reached *** piety under Yredelemnul
  6049 | D:7      | Found Bait's Weapon Boutique.
  6095 | D:7      | Reached XP level 10. HP: 78/80 MP: 12/12
  6417 | D:7      | Found a bloodstained altar of Trog.
  6498 | D:7      | Found an opulent altar of Gozag.
  6499 | D:7      | Found a sparkling altar of Nemelex Xobeh.
  6726 | D:8      | Reached skill level 10 in Polearms
  6780 | D:8      | Acquired a +3 vorpal glaive
  6911 | D:8      | Found a shimmering altar of Xom.
  7016 | D:8      | Found a stormy altar of Qazlal.
  7499 | D:9      | Found a flagged portal.
  7548 | D:9      | Acquired the amulet "Plog" {Reflect rElec rPois Int-2 SH+5}
  7551 | Bailey   | Entered a bailey
  7664 | Bailey   | Reached skill level 5 in Invocations
  7740 | Bailey   | Noticed a gargoyle
  7758 | Bailey   | Killed a gargoyle
  7759 | Bailey   | Reached skill level 10 in Shields
  8019 | Bailey   | Reached XP level 11. HP: 59/89 MP: 15/15
  8113 | Bailey   | Identified the +0 acid dragon scales of the Frog {+Inv rC+
                  | Regen+ rCorr Int+4}
  8120 | Bailey   | Identified the +1 leather armour of Wioluixiu {rElec Dex+2}
  8416 | D:9      | Reached skill level 11 in Polearms
  8724 | D:9      | Noticed Harold
  8734 | D:9      | Killed Harold
  8933 | D:9      | Noticed Erolcha
  8950 | D:9      | Killed Erolcha
  9184 | D:10     | Entered Level 10 of the Dungeon
  9187 | D:10     | Noticed a two-headed ogre
  9200 | D:10     | Killed a two-headed ogre
  9260 | D:10     | Reached skill level 12 in Polearms
  9313 | D:10     | Reached skill level 10 in Fighting
  9384 | D:10     | Found a white marble altar of Elyvilon.
  9502 | D:10     | Found a staircase to the Lair.
  9502 | D:10     | Noticed an elephant
  9518 | D:10     | Reached **** piety under Yredelemnul
  9523 | D:10     | Killed an elephant
 10144 | D:11     | Noticed a two-headed ogre
 10151 | D:11     | Killed a two-headed ogre
 10285 | D:11     | Reached XP level 12. HP: 86/98 MP: 17/17
 10419 | D:11     | Noticed a two-headed ogre
 10421 | D:11     | Reached skill level 13 in Polearms
 10424 | D:11     | Noticed a boulder beetle
 10426 | D:11     | Killed a two-headed ogre
 10427 | D:11     | Noticed a two-headed ogre
 10449 | D:11     | Killed a two-headed ogre
 10490 | D:11     | Killed a boulder beetle
 11042 | D:11     | Acquired the +8 demon trident of the Orcish Mines {venom,
                  | rC++ Int+2}
 11359 | D:11     | Identified the +1 leather armour of Saxir {Int+4}
 11597 | D:11     | Noticed a boulder beetle
 11607 | D:11     | Killed a boulder beetle
 11920 | D:12     | Reached skill level 14 in Polearms
 11996 | D:12     | Noticed a boulder beetle
 11998 | D:12     | Found a staircase to the Orcish Mines.
 12008 | D:12     | Killed a boulder beetle
 12164 | D:12     | Reached ***** piety under Yredelemnul
 12174 | D:12     | Reached ****** piety under Yredelemnul
 12184 | D:12     | Reached XP level 13. HP: 72/106 MP: 20/20
 12322 | D:12     | Reached skill level 10 in Invocations
 12868 | D:13     | Noticed a centaur warrior
 12878 | D:13     | Killed a centaur warrior
 12893 | D:13     | Found a runed translucent gate.
 12893 | D:13     | Found a runed translucent gate.
 12893 | D:13     | Found a runed translucent gate.
 12893 | D:13     | Found an ancient bone altar of Kikubaaqudgha.
 12893 | D:13     | Noticed a lich
 12893 | D:13     | Noticed Zero's ghost (journeyman DECj)
 12893 | D:13     | Noticed Lowk's ghost (journeyman DjFE)
 12893 | D:13     | Noticed a lich
 12894 | D:13     | Noticed a lich
 12956 | D:13     | Noticed a vault guard
 12956 | D:13     | Noticed a vault guard
 12956 | D:13     | Noticed a vault guard
 12957 | D:13     | Noticed a vault guard
 12958 | D:13     | Found a gate to the Vaults.
 12958 | D:13     | Noticed a vault guard
 12958 | D:13     | Noticed a vault guard
 12959 | D:13     | Noticed a vault guard
 12959 | D:13     | Noticed a vault guard
 12964 | D:13     | Killed a vault guard
 12971 | D:13     | Killed a vault guard
 12978 | D:13     | Killed a vault guard
 12979 | D:13     | Reached skill level 15 in Polearms
 12991 | D:13     | Killed a vault guard
 12998 | D:13     | Killed a vault guard
 13023 | D:13     | Killed a vault guard
 13306 | D:13     | Killed a vault guard
 13699 | D:13     | Killed a vault guard
 14422 | D:14     | Noticed a centaur warrior
 14426 | D:14     | Reached skill level 16 in Polearms
 14433 | D:14     | Killed a centaur warrior
 14434 | D:14     | Reached XP level 14. HP: 84/116 MP: 22/22
 14726 | D:14     | Noticed Kirke
 14746 | D:14     | Killed Kirke
 14746 | D:14     | Enslaved Kirke
 15491 | D:15     | Entered Level 15 of the Dungeon
 15517 | D:15     | Reached skill level 17 in Polearms
 15844 | D:15     | Found an ornate altar of the Wu Jian Council.
 16443 | D:15     | Found a staircase to the Depths.
 16443 | D:15     | Noticed a red very ugly thing
 16461 | D:15     | Killed a red very ugly thing
 16462 | D:15     | Reached XP level 15. HP: 108/126 MP: 24/24
 16935 | D:13     | Killed a lich
 16941 | D:13     | Killed a lich
 16948 | D:13     | Killed a lich
 16963 | D:13     | Killed Zero's ghost
 16969 | D:13     | Killed Lowk's ghost
 16978 | D:13     | Identified the +2 cloak "Fowudimi" {Harm Will+++ Regen+
                  | Dex-3}
 16982 | D:13     | Identified the ring "Nuelokky" {rC- rN+ rCorr Int+6 Slay+2}
 17231 | Lair:1   | Entered Level 1 of the Lair of Beasts
 17286 | Lair:1   | Reached skill level 18 in Polearms
 19102 | Lair:3   | Found a staircase to the Swamp.
 19193 | Lair:3   | Found a staircase to the Snake Pit.
 19347 | Lair:3   | Reached skill level 15 in Fighting
 19816 | Lair:3   | Reached XP level 16. HP: 136/136 MP: 26/26
 20400 | Lair:4   | Reached skill level 19 in Polearms
 20979 | Lair:5   | Entered Level 5 of the Lair of Beasts
 21152 | Lair:5   | Found a staircase to the Slime Pits.
 21156 | Lair:5   | Identified the +7 whip "Hell-Harrower" {venom, +Blink rF+
                  | rC- Dex+5}
 21158 | Lair:5   | Noticed Josephine
 21168 | Lair:5   | Killed Josephine
 21169 | Lair:5   | Reached skill level 15 in Invocations
 21325 | Lair:5   | Found a large runed translucent door.
 21325 | Lair:5   | Found a large runed translucent door.
 21343 | Lair:5   | Your ally Kirke died
 22549 | Orc:1    | Entered Level 1 of the Orcish Mines
 22672 | Orc:1    | Reached skill level 20 in Polearms
 22711 | Orc:2    | Entered Level 2 of the Orcish Mines
 22721 | Orc:2    | Found a staircase to the Elven Halls.
 22977 | Orc:2    | Noticed Saint Roka
 22993 | Orc:2    | Reached XP level 17. HP: 56/144 MP: 21/28
 23004 | Orc:2    | Killed Saint Roka
 23017 | Orc:2    | Found Ponkop's Jewellery Shoppe.
 23024 | Orc:2    | Found Onweysos's Magic Scroll Shoppe.
 23032 | Orc:2    | Found Furolicu's Antique Armour Shop.
 23047 | Orc:2    | Found Ypnubaptev's Book Emporium.
 23145 | Orc:2    | Reached skill level 5 in Armour
 23213 | Orc:2    | Bought a scroll of enchant armour for 105 gold pieces
 23539 | Elf:1    | Entered Level 1 of the Elven Halls
 24595 | Elf:1    | Got the Quarto of Blasts
 24994 | Elf:2    | Found Jossi's Distillery.
 24998 | Elf:2    | Found Ishrugh's Book Shoppe.
 25382 | Elf:2    | Bought a potion of heal wounds for 60 gold pieces
 25382 | Elf:2    | Bought a potion of curing for 36 gold pieces
 25382 | Elf:2    | Bought a potion of heal wounds for 60 gold pieces
 25382 | Elf:2    | Bought a potion of curing for 36 gold pieces
 25775 | Elf:2    | Found a runed translucent gate.
 25776 | Elf:2    | Found a runed translucent gate.
 25776 | Elf:2    | Found a runed translucent gate.
 26221 | Elf:2    | Reached XP level 18. HP: 125/142 MP: 30/30
 26839 | Elf:3    | Entered Level 3 of the Elven Halls
 27216 | Depths:1 | Entered Level 1 of the Depths
 27960 | Snake:1  | Entered Level 1 of the Snake Pit
 27968 | Snake:1  | Found a transporter.
 27968 | Snake:1  | Noticed Dain Ceu's ghost (adept DsGl)
 28210 | Snake:1  | Noticed Roxanne
 28238 | Snake:1  | Killed Roxanne
 29311 | Snake:1  | Found a transporter.
 29504 | Snake:1  | Killed Dain Ceu's ghost
 29730 | Snake:2  | Slain by a naga warrior

Illustrated notes

Levels and vault maps discovered:
D:1:      dpeg_arrival_long_road, layout_loops_corners, minmay_pentomino_q2
D:2:      layout_rooms, hellmonk_ecumenical_altar_crossroads
D:3:      layout_loops_ring, cheibrodos_sewer_entry_sluice,
          grunt_decor_one_mirror, uniq_sigmund
D:4:      cheibrodos_quashed, layout_basic, uniq_natasha, uniq_eustachio
D:5:      layout_basic, mainiacjoe_overflow_brackets, uniq_duvessa,
          uniq_blork_the_orc
D:6:      layout_rooms, nicolae_dithmenos_shadow_blocks,
          minmay_temple_entry_mist, lemuel_flame_loot_1
D:7:      layout_cave_pools, grunt_temple_overflow_opulence, trog_hazing_becter,
          lemuel_round_altar, serial_shops, shop
D:8:      layout_cave_pools, mainiacjoe_overflow_chevrons,
          mainiacjoe_overflow_boulevard
D:9:      layout_roguey, enter_bailey_3, uniq_erolcha, uniq_harold
D:10:     layout_stronghold, mainiacjoe_overflow_six_doors_small,
          david_lair_generic, chequers_decorated_corner
D:11:     layout_basic, minmay_bent
D:12:     layout_roguey, erik_orc_3
D:13:     layout_roguey, erik_vaults_2, gammafunk_ghost_crypt
D:14:     layout_rooms, uniq_kirke
D:15:     gammafunk_enter_depths_forms, layout_long_grid,
          nicolae_wu_jian_wuxing_cycle
Temple:   oiseaux_autumnal_temple
Lair:1:   layout_chaotic_city, eino_small_chamber_without_monster,
          serial_bayou_ford_a
Lair:2:   layout_roguey, serial_bayou_shore_a, lemuel_fruit_tree,
          grunt_megastairs_3
Lair:3:   layout_cave_pods, skrybe_swamp_entry_bodies,
          guppyfry_snake_entry_island, beast_lair_carwin_9,
          infiniplex_staircase_pool_2
Lair:4:   layout_regular_city
Lair:5:   cheibrodos_lair_end_hotspot, layout_gridlike, slime_entry_1,
          serial_bayou, serial_bayou_lagoon_a, serial_bayou_pond_e,
          serial_bayou_pond_c, serial_bayou_pond_c, uniq_josephine
Snake:1:  layout_chambers, gammafunk_ghost_arena, uniq_roxanne
Snake:2:  layout_onion, serial_shops, nicolae_shop_window_shopping,
          nicolae_shop_window_shopping, shop, nicolae_shop_waterfront,
          nicolae_shop_behind_doors, uniq_vashnia
Orc:1:    layout_diamond_mine
Orc:2:    st_orc_open, layout_diamond_mine, uniq_saint_roka
Elf:1:    minmay_elf_arrival_plus, layout_gridlike, minmay_elf_annihilation
Elf:2:    nicolae_elf_blades_crystal_corner, layout_geoelf_grid,
          corexii_leaking_fountain, minmay_shop_star
Elf:3:    minmay_elf_hall_spiked, layout_geoelf_castle,
          nicolae_elf_glassroom_feature
Depths:1: layout_gridlike, nzn_hepliaklqana_mist_gate, hell_entry,
          kennysheep_another_room, chequers_serial_rivers_marsh,
          fiery_altar_vehumet, grunt_megastairs_2

Skill      XL: |  1  2  3  4  5  6  7  8  9 10 11 12 13 14 15 16 17 18 |
---------------+-------------------------------------------------------+-----
Polearms       | 3 4 5 6 8 9 10 12 14 16 17 18 20 | 20.5
Fighting       | 4 5 6 7 9 10 11 12 14 15 16 17 | 17.6
Shields        | 5 6 7 8 10 | 10.0
Invocations    | 3 5 7 9 11 13 14 15 17 19 | 19.0
Armour         | 4 7 8 |  8.8

Action                   |  1- 3 |  4- 6 |  7- 9 | 10-12 | 13-15 | 16-18 || total
-------------------------+-------+-------+-------+-------+-------+-------++-------
Melee: Trident           |    86 |   125 |   380 |    24 |       |       ||   615
       Halberd           |       |       |       |   437 |       |       ||   437
       Demon trident     |       |       |       |   101 |   170 |       ||   271
       Glaive            |       |       |       |       |   523 |   805 ||  1328
Throw: Dart              |       |     3 |    10 |    11 |       |     3 ||    27
       Throwing net      |       |       |       |     7 |     6 |     7 ||    20
       Boomerang         |       |       |       |       |       |     2 ||     2
Invok: Recall Undead Har |       |       |     1 |     3 |    13 |    12 ||    29
       Dark Bargain      |       |       |     1 |     1 |     2 |    17 ||    21
       Drain Life        |       |       |       |       |     5 |     4 ||     9
       Bind Soul         |       |       |       |       |     2 |     1 ||     3
 Abil: Dig               |     1 |       |     2 |       |     1 |     2 ||     6
  Use: Potion            |       |     1 |       |     2 |     4 |    11 ||    18
       Scroll            |       |     3 |     4 |     8 |    11 |     7 ||    33
 Stab: Distracted        |       |       |       |     3 |    11 |    13 ||    27
       Held in net/web   |       |       |       |     2 |     1 |     3 ||     6
       Invisible         |       |       |       |       |       |     6 ||     6
       Fleeing           |       |       |       |       |       |     2 ||     2
Armor: Scale mail        |    27 |    88 |    48 |       |       |       ||   163
       Plate armour      |       |       |    76 |   140 |   177 |   150 ||   543
Dodge: Dodged            |    26 |    79 |    84 |    71 |   119 |   100 ||   479
Block: Buckler           |    16 |    26 |       |       |       |       ||    42
       Kite shield       |       |    11 |   303 |   343 |   321 |   471 ||  1449
       Reflection        |       |       |       |     1 |     2 |    26 ||    29

Table legend: (Time is in decaauts)
 A = Elapsed time spent in this place.
 B = Non-inter-level travel time spent in this place.
 C = Inter-level travel time spent in this place.
 D = Time resting spent in this place.
 E = Time spent auto-exploring this place.
 F = Levels seen in this place.
 G = Mean time per level.
                   A        B        C        D        E       F      G
               +--------+--------+--------+--------+--------+-----+--------+
         Total |  29548 |  27967 |   1581 |   3915 |  18354 |  31 |  953.2 |
       Dungeon |  17076 |  16142 |    934 |   2501 |  10393 |  15 | 1138.4 |
        Temple |    127 |     92 |     35 |      0 |     65 |   1 |  127.0 |
          Lair |   5278 |   4865 |    413 |     53 |   3918 |   5 | 1055.6 |
     Snake Pit |   1743 |   1735 |      8 |    182 |   1303 |   2 |  871.5 |
  Orcish Mines |   1173 |   1073 |    100 |    145 |    683 |   2 |  586.5 |
   Elven Halls |   3289 |   3200 |     89 |    877 |   1689 |   3 | 1096.3 |
        Depths |     15 |     15 |      0 |      0 |      0 |   1 |   15.0 |
         Sewer |    168 |    168 |      0 |     26 |     46 |   1 |  168.0 |
        Bailey |    674 |    674 |      0 |    130 |    257 |   1 |  674.0 |
               +--------+--------+--------+--------+--------+-----+--------+

Top non-repeatable levels by time:
   Elf:2: 1834 daAuts
 Snake:1: 1717 daAuts
    D:12: 1714 daAuts
    D:15: 1696 daAuts
    D:11: 1615 daAuts
    D:13: 1608 daAuts
  Lair:5: 1333 daAuts
     D:6: 1278 daAuts
   Elf:1: 1257 daAuts
  Lair:3: 1226 daAuts
     D:9: 1177 daAuts
    D:14: 1103 daAuts
  Lair:2: 1071 daAuts
    D:10: 1051 daAuts
     D:4: 1049 daAuts
